 Dungeon Crawl Stone Soup version 0.15.2 (webtiles) character file.

16 magipi the Insei (level 2, 0/18 HPs)
             Began as an Octopode Transmuter on Feb 8, 2015.
             Succumbed to an adder's poison
             ... on Level 2 of the Dungeon.
             The game lasted 00:04:03 (643 turns).

magipi the Insei (Octopode Transmuter)               Turns: 643, Time: 00:04:04

HP   0/18        AC  1     Str  9      XL: 2   Next: 58%
MP   2/4         EV 12     Int 15      God:
Gold 44          SH  0     Dex 12      Spells:  2 memorised,  2 levels left

rFire  . . .     SeeInvis .       - Unarmed
rCold  . . .     Clarity  .     (no shield)
rNeg   . . .     rCorr    .     (helmet restricted)
rPois  .         rRot     .     (no amulet)
rElec  .         Spirit   .     (no ring)
SustAb .         Warding  .     (no ring)
rMut   .         Stasis   .     (no ring)
Gourm  .                        (no ring)
MR     .....                    (no ring)
                                (no ring)
                                (no ring)
                                (no ring)

@: lethally poisoned, appendage (expiring), not resistant to hostile
enchantments, unstealthy
A: almost no armour, amphibious, 8 rings, constrict 8, tentacle spike 3,
camouflage 1, gelatinous body 1
a: End Transformation


You were on level 2 of the Dungeon.
You were not hungry.
One of your tentacles had a temporary spike.
You visited 1 branch of the dungeon, and saw 2 of its levels.

You collected 44 gold pieces.

Inventory:

Missiles
 b - 58 arrows
Comestibles
 a - a bread ration
 g - a meat ration
 i - a rotting chunk of bat flesh
 l - a chunk of rat flesh
 m - a chunk of goblin flesh
Scrolls
 c - a scroll of fog {unknown}
 e - 4 scrolls of identify {unknown}
 f - a scroll of noise {unknown}
 k - a scroll of magic mapping {unknown}
Jewellery
 h - an uncursed ring of protection from cold {unknown}
Books
 d - a book of Changes

   Spells                             Type                      Level
   *Beastly Appendage                 Transmutation                1
   *Sticks to Snakes                  Transmutation                2
   Spider Form                        Transmutation/Poison         3
   Ice Form                           Ice/Transmutation            4
   Blade Hands                        Transmutation                5


   Skills:
 - Level 1.0 Fighting
 - Level 2.0 Dodging
 + Level 3.3 Unarmed Combat
 - Level 2.0 Spellcasting
 + Level 2.6 Transmutations


You had 2 spell levels left.
You knew the following spells:

 Your Spells              Type           Power        Failure   Level  Hunger
a - Beastly Appendage     Trmt           #.....       10%         1    #......
b - Sticks to Snakes      Trmt           #.........   12%         2    ###....


Dungeon Overview and Level Annotations

Branches:
Dungeon (2/15)

Altars:


Innate Abilities, Weirdness & Mutations

You cannot wear most types of armour.
You are amphibious.
You can wear up to eight rings at the same time.
You can use your tentacles to constrict many enemies at once.
Your skin changes colour to match your surroundings (Stealth).
Your rubbery body absorbs attacks (AC +1).
One of your tentacles bears a large vicious spike.

Vault maps used:
D:1:      minmay_arrival_widening_spiral_wide, kennysheep_another_room
D:2:      gammafunk_temple_overflow_statue, lemuel_blue_sif_altar


Message History

You constrict the goblin.
You kill the goblin!
You see here a goblin corpse.
You start butchering the goblin corpse.
You continue butchering the corpse.
Magic restored.
You continue butchering the corpse. x2
Your tentacle spike disappears.
You finish butchering the goblin corpse.
m - a chunk of goblin flesh Unknown command.
A kobold comes into view. It is wielding a short sword.
Casting: Beastly Appendage
Confirm with . or Enter, or press ? or * to list all spells.
One of your tentacles grows a vicious spike.
The helpless kobold fails to defend itself.
You tentacle-slap the kobold.
You kill the kobold!
Things that are here:
a short sword; a stone; a kobold corpse Your transformation is almost over.
You open the door.
Found 17 gold pieces.
Found a scroll labeled SKEKHL ZUYGH and 8 gold pieces.
There is an open door here.
You now have 31 gold pieces (gained 17).
Your tentacle spike disappears.
e - 4 scrolls labeled SKEKHL ZUYGH (gained 1)
You now have 39 gold pieces (gained 8).
There is an open door here.
(D) Dungeon
Where to? (? - help)
What level of the Dungeon? (default 1, ? - help)
Found 4 gold pieces.
There is a stone staircase leading down here.
You climb downwards.
Found 10 gold pieces and a ring mail.
There is a stone staircase leading up here.
Found 14 gold pieces.
You now have 44 gold pieces (gained 5).
An adder comes into view.
Okay, then.
Wield which item (- for none, * to show all)? (? for menu, Esc to quit)
b - 59 arrows (in tentacle)
Casting: Beastly Appendage
Confirm with . or Enter, or press ? or * to list all spells.
You create a snake!
Unknown command.
Casting: Sticks to Snakes
Confirm with . or Enter, or press ? or * to list all spells.
One of your tentacles grows a vicious spike.
The adder bites you.
Really attack while wielding your 58 arrows?
Unknown command.
Unknown command.
Wield which item (- for none, * to show all)? (? for menu, Esc to quit)
You are now empty-tentacled.
Unknown command.
You tentacle-slap the adder but do no damage.
Your grab misses the adder.
Your tentacle spike misses the adder.
The adder bites you.
You are poisoned.
The adder poisons you!
Your adder bites the adder.
You miss the adder. Your grab misses the adder.
You pierce the adder, but do no damage.
The adder is moderately wounded.
You feel sick. The adder barely misses you.
Your adder closely misses the adder.
Unknown command.
You tentacle-slap the adder but do no damage.
Your grab misses the adder. Your squeeze misses the adder.
The adder is moderately wounded.
The adder bites you.
Your adder bites the adder.
The adder is poisoned.
Your adder poisons the adder!
Unknown command.
You barely miss the adder. Your grab misses the adder.
Your tentacle spike misses the adder.
The adder is heavily wounded.
You feel sick. The adder bites you.
* * * LOW HITPOINT WARNING * * *
You are lethally poisoned!
The adder poisons you!
Your adder bites the adder.
The adder dies!
Unknown command.
There is a lethal amount of poison in your body!
Drink which item? (? for menu, Esc to quit)
You feel refreshed.
It was a potion of restore abilities.
* * * LOW HITPOINT WARNING * * *
You feel sick.
There is a lethal amount of poison in your body!
There is a lethal amount of poison in your body!
Your transformation is almost over.
* * * LOW HITPOINT WARNING * * *
You feel sick.
You swap places.
* * * LOW HITPOINT WARNING * * *
You feel sick.
* * * LOW HITPOINT WARNING * * *
You feel sick.
You see here 14 gold pieces.
You die...

#.# #.# ##
##<#
#..##..#
#.....###
#..####..#
# ##..##
#...S#
#..@$#
#..###
.....#
####..#
#..# ##..
#.. ##


You could see a friendly adder.

Table legend:
 A = Kills in this place as a percentage of kills in entire the game.
 B = Kills by you in this place as a percentage of kills by you in the entire game.
 C = Kills by friends in this place as a percentage of kills by friends in the entire game.
 D = Other kills in this place as a percentage of other kills in the entire game.
 E = Experience gained in this place as a percentage of experience gained in the entire game.
 F = Experience gained in this place divided by the number of levels of this place that you have seen.
                   A       B       C       D       E      F
               +-------+-------+-------+-------+-------+----------------------
         Total | 100.0 | 100.0 | 100.0 |  -nan | 100.0 |  12.0
       Dungeon | 100.0 | 100.0 | 100.0 |  -nan | 100.0 |  12.0
               +-------+-------+-------+-------+-------+----------------------

Vanquished Creatures
  A giant cockroach (D:1)
  2 hobgoblins (D:1)
  3 bats (D:1)
  A giant newt (D:1)
  2 goblins (D:1)
  2 kobolds (D:1)
  A rat (D:1)
12 creatures vanquished.

Vanquished Creatures (collateral kills)
  An adder (D:2)
1 creature vanquished.

Grand Total: 13 creatures vanquished

Notes
Turn   | Place    | Note
--------------------------------------------------------------
     0 | D:1      | magipi, the Octopode Transmuter, began the quest for the Orb.
     0 | D:1      | Reached XP level 1. HP: 13/13 MP: 3/3
   277 | D:1      | Reached XP level 2. HP: 16/18 MP: 2/4
   284 | D:1      | Learned a level 2 spell: Sticks to Snakes
   643 | D:2      | Succumbed to an adder's poison

Action                   || total
-------------------------++-------
Melee: Unarmed           ||    24
 Cast: Beastly Appendage ||    10
       Sticks to Snakes  ||     1
  Use: Potion            ||     1
 Stab: Sleeping          ||     2

Action                   || total
-------------------------++-------
Melee: Unarmed           ||    24
 Cast: Beastly Appendage ||    10
       Sticks to Snakes  ||     1
  Use: Potion            ||     1
 Stab: Sleeping          ||     2

Action                   || total
-------------------------++-------
Melee: Unarmed           ||    24
 Cast: Beastly Appendage ||    10
       Sticks to Snakes  ||     1
  Use: Potion            ||     1
 Stab: Sleeping          ||     2
